 Dungeon Crawl Stone Soup version 0.17.1-2-g5865329 (webtiles) character file.

502267 bollicks1999 the Hoplite (level 23, -3/191 (193) HPs)
             Began as a Minotaur Fighter on Feb 15, 2016.
             Was the Champion of Okawaru.
             Slain by an azure jelly (5 damage)
             ... created by the royal jelly
             ... on level 5 of the Pits of Slime on Feb 16, 2016.
             The game lasted 02:45:17 (52743 turns).

bollicks1999 the Hoplite (Minotaur Fighter)        Turns: 52743, Time: 02:45:18

HP:   -3/191 (193)  AC: 23    Str: 35    XL:     23   Next: 78%
MP:   5/7           EV: 26    Int:  8    God:    Okawaru [******]
Gold: 6279          SH: 32    Dex: 17    Spells: 0 memorised, 22 levels left

rFire  . . .     SeeInvis .     E - +12 morningstar "Lyp Nodi" {vamp, rElec MP-9 Str+6}
rCold  + + +     Rnd*Rage +     K - +5 chain mail of the Armoured One {rCorr Slay+3}
rNeg   + . .     SustAt   .     N - +1 large shield {rC+ rF+}
rPois  .         Gourm    .     O - +2 hat
rElec  +         Spirit   .     F - +2 cloak of Starlight {rElec rC+ EV+4 Stlth--}
rCorr  +         Warding  +     X - +1 pair of gloves of Vis Teci {rF- Str+2 Int+5}
rMut   .         Rnd*Tele +     B - +2 pair of boots
MR     ++...                    u - amulet "Juteafoj" {Ward rC+ rN+ MR+}
Stlth  ..........               P - +4 ring of protection
                                a - +5 ring of dexterity

@: corroded equipment, very slightly contaminated, very resistant to hostile
enchantments, extremely unstealthy
A: retaliatory headbutt, horns 2, large bone plates 1, berserk 1, blurry vision
3, deterioration 1, dopey 1, frail 1, low mp 3, screaming 2, slow regeneration
2, teleportitis 1, weak 1, subdued magic 1, MP-powered wands
a: Heroism, Finesse, Renounce Religion
}: 3/15 runes: decaying, silver, gossamer


You were on level 5 of the Pits of Slime.
You worshipped Okawaru.
Okawaru was exalted by your worship.
You were very hungry.

You visited 10 branches of the dungeon, and saw 51 of its levels.
You visited the Abyss 1 time.
You also visited: Ice Cave.

You collected 7008 gold pieces.
You spent 729 gold pieces at shops.

Inventory:

Hand Weapons
 E - the +12 morningstar "Lyp Nodi" (weapon) {vamp, rElec MP-9 Str+6}
   (Okawaru gifted it to you on level 3 of the Vaults)

   It inflicts no extra harm, but heals its wielder somewhat when it strikes a
   living foe.
   It affects your strength (+6).
   It insulates you from electricity.
   It affects your magic capacity (-9).
 I - the +4 flail of Purpose {speed, *Drain rF+++ Dex+4}
   (You found it on level 13 of the Dungeon)

   Attacks with this weapon are significantly faster.
   It affects your dexterity (+4).
   It renders you almost immune to fire.
   It causes draining when unequipped.
Armour
 v - the +7 scale mail of the Hurricane {rElec Dex+7}
   (You found it on level 8 of the Dungeon)

   It affects your dexterity (+7).
   It insulates you from electricity.
 B - a +2 pair of boots (worn)
 F - the +2 cloak of Starlight (worn) {rElec rC+ EV+4 Stlth--}
   (You bought it in a shop on level 11 of the Dungeon)

   It affects your evasion (+4).
   It protects you from cold.
   It insulates you from electricity.
   It makes you much less stealthy.
 K - the +5 chain mail of the Armoured One (worn) {rCorr Slay+3}
   (Okawaru gifted it to you on level 2 of the Vaults)

   It affects your accuracy and damage with ranged weapons and melee attacks
   (+3).
   It protects you from acid and corrosion.
 N - a +1 large shield of resistance (worn)
 O - a +2 hat (worn)
 Q - the +6 plate armour of Blue Skies {rN+}
   (You found it on level 3 of the Elven Halls)

   It protects you from negative energy.
 X - the +1 pair of gloves of Vis Teci (worn) {rF- Str+2 Int+5}
   (You found it on level 5 of the Vaults)

   It affects your strength (+2).
   It affects your intelligence (+5).
   It makes you vulnerable to fire.
Jewellery
 a - a +5 ring of dexterity (left hand)
 m - an uncursed ring of teleportation
 r - an uncursed ring of invisibility
 u - the amulet "Juteafoj" (around neck) {Ward rC+ rN+ MR+}
   (You found it in an ice cave)

   [amulet of warding]

   It may prevent the melee attacks of summoned creatures.
   It protects you from cold.
   It protects you from negative energy.
   It affects your resistance to hostile enchantments.
 y - an uncursed ring of flight
 A - the ring "Ibiunah" {+Inv rC- MR+ Int+9 Dex+2, unknown}
   (You took it off a deep elf conjurer on level 5 of the Vaults)

   [ring of dexterity]

   It affects your intelligence (+9).
   It affects your dexterity (+2).
   It makes you vulnerable to cold.
   It affects your resistance to hostile enchantments.
   It lets you turn invisible.
 D - the amulet "Laffi Faw" {Ward rElec rN+}
   (You found it on level 11 of the Dungeon)

   [amulet of warding]

   It may prevent the melee attacks of summoned creatures.
   It insulates you from electricity.
   It protects you from negative energy.
 P - a +4 ring of protection (right hand)
 T - the ring of Scepticism {+Fly rPois MR+}
   (You found it on level 3 of the Elven Halls)

   [ring of protection from magic]

   It protects you from poison.
   It affects your resistance to hostile enchantments.
   It lets you fly.
Wands
 f - a wand of fire (12)
 p - a wand of digging (17)
 J - a wand of draining (14)
 L - a wand of cold (15)
 S - a wand of heal wounds (0)
 Y - a wand of lightning (9)
Scrolls
 j - 7 scrolls of fear
 n - 11 scrolls of teleportation
 o - 3 scrolls of magic mapping
 q - 9 scrolls of remove curse
 t - 2 scrolls of silence
 w - a scroll of fog
 V - 3 scrolls of blinking
 Z - 2 scrolls of brand weapon
Potions
 g - 6 potions of curing
 h - 6 potions of flight
 l - 5 potions of cancellation
 C - 8 potions of heal wounds
 M - a potion of berserk rage
Miscellaneous
 i - a box of beasts
Comestibles
 b - 11 royal jellies
 d - 16 beef jerkies
 e - 21 bread rations
 x - 44 fruits
 H - 9 meat rations


   Skills:
 + Level 20.1 Fighting
 + Level 25.0 Maces & Flails
 + Level 12.5 Armour
 + Level 19.0 Dodging
 + Level 4.0 Stealth
 + Level 26.7 Shields
 + Level 3.4 Invocations
 + Level 1.1 Evocations


You had 22 spell levels left.
You didn't know any spells.

Dungeon Overview and Level Annotations

Branches:
Dungeon (15/15)            Temple (1/1) D:7            Lair (8/8) D:9
  Swamp (4/4) Lair:6       Spider (4/4) Lair:4        Slime (6/6) Lair:8
    Orc (4/4) D:11            Elf (3/3) Orc:3        Vaults (5/5) D:14
  Crypt (0/3) Vaults:3     Depths (1/5) D:15

Altars:
Ashenzari
Cheibriados
Dithmenos
Elyvilon
Fedhas
Gozag
Kikubaaqudgha
Makhleb
Nemelex Xobeh
Okawaru
Qazlal
Ru
Sif Muna
Trog
Vehumet
Xom
Yredelemnul
Zin
The Shining One
Beogh
Jiyva
Lugonu

Shops:
D:4 ?   D:7 *   D:8 *   D:11 [*   Orc:1 [   Orc:4 (}}*   Elf:3 :   Vaults:1 }[
Vaults:2 :[:(=   Vaults:4 [   Vaults:5 [   Depths:1 ?

Portals:
Hell: Lair:8 Depths:1
Pandemonium: Depths:1
Ziggurat: Depths:1

Annotations:
Slime:6 Royal Jelly


Innate Abilities, Weirdness & Mutations

You reflexively headbutt those who attack you in melee.
You have a pair of horns on your head.
You are partially covered in large bone plates (AC +2, SH +2).
You tend to lose your temper in combat.
Scrolls take you much longer to read.
Your body sometimes deteriorates upon taking damage.
You are dopey. (Int -2)
You are frail (-10% HP).
Your magical capacity is extremely low (-30% MP).
You sometimes yell uncontrollably at your foes.
You do not regenerate naturally when monsters are visible.
You are occasionally teleported next to monsters.
You are weak. (Str -2)
Your spells are a little easier to cast, but a little less powerful.
You expend magic power (3 MP) to strengthen your wands.


Message History

You block the azure jelly's attack. x4
The death ooze closely misses you. The death ooze hits you.
* * * LOW HITPOINT WARNING * * *
The azure jelly misses you. You furiously retaliate!
You headbutt the azure jelly!
The azure jelly hits you but does no damage.
You block the azure jelly's attack. The azure jelly completely misses you.
The acid blob hits you but does no damage.
The acid blob closely misses you. The acid blob spits acid at you.
The splash of acid hits you! The acid corrodes you!
The acid burns!
You resist.
* * * LOW HITPOINT WARNING * * *
You continue reading the scroll.
You block the azure jelly's attack. x3
The azure jelly hits you but does no damage.
You block the death ooze's attack. The death ooze completely misses you.
The azure jelly hits you but does no damage.
The azure jelly completely misses you. You block the azure jelly's attack.
The azure jelly hits you.
You die...

......###...............#### ##.
.....##..................## #..
......#.......##.###......#####..
....###.....####.##..........#.#.
.....#.....## ##..####.....#.....
..........## #..#.##.......#....
..........#####.....###....##....
...............J.J.####....##....
....###........J@J......<.#.#....
....#..........J.J..##.....##....
...........####.....###...#.#....
...........## ##...##.......##...
....#.#.....####..###.....###....
....##......#.##.###.......###...
.....#.#......##...#......## ###.
.....##.................#.# ##
..#...###..............#.##


You could see 3 acid blobs, 2 azure jellies and a death ooze.

Vanquished Creatures
  Mennas (Vaults:3)
  Sojobo (Vaults:2)
  3 golden dragons (Vaults:5)
  Arachne (Spider:4)
  2 liches
  Rupert (Orc:3)
  The ghost of ThermosAquaticus the Wrestler, an adept TrFi of Okawaru (Vaults:2)
  2 tentacled monstrosities (Vaults:5)
  3 titans (Vaults:5)
  A deep elf master archer (Elf:3)
  2 deep elf blademasters (Elf:3)
  31 acid blobs
  5 sphinxes
  2 Executioners (Abyss:1)
  Gastronok (Lair:2)
  2 tentacled starspawn (Abyss:1)
  5 shadow dragons
  2 storm dragons
  5 tengu reavers
  Roxanne (Spider:1)
  3 thorn hunters
  12 azure jellies
  2 fire giants (Vaults:4)
  The ghost of Dustman the Arsonist, an adept HuFE of Ru (Depths:1)
  Donald (Spider:4)
  4 ghost moths
  14 vault wardens
  3 frost giants
  7 deep elf sorcerers
  An iron dragon (Vaults:5)
  Aizul (Vaults:1)
  A curse skull (Vaults:3)
  8 emperor scorpions
  An orc warlord (Elf:1)
  12 ironheart preservers
  8 very ugly things
  6 stone giants
  2 war gargoyles
  A lorocyproca (Depths:1)
  A deep elf demonologist (Elf:3)
  3 salamander stormcallers
  Azrael (Elf:1)
  10 deep elf annihilators
  The ghost of Juudaz the Brawler, a journeyman VSMo of Okawaru (Orc:4)
  The ghost of inmateoo the Carver, a journeyman HaFi of Okawaru (Lair:5)
  An eidolon (Abyss:1)
  4 deep elf death magi
  25 vault guards
  5 ettins
  12 great orbs of eyes
  Josephine (Lair:4)
  17 yaktaur captains
  5 death oozes
  3 deep elf high priests
  A rakshasa (Depths:1)
  4 entropy weavers
  12 centaur warriors
  30 hydras
  7 ice dragons
  3 deep troll earth magi
  A ghost crab (Swamp:3)
  9 alligators
  The ghost of Charly the Cleaver, a novice DDGl of Makhleb (Orc:4)
  A death knight (Vaults:3)
  16 dancing weapons (Elf:2)
  21 ogre magi
  A queen ant (D:8)
  4 death yaks (Lair:7)
  An alligator (shapeshifter) (Depths:1)
  2 tengu warriors (Depths:1)
  A soul eater (Vaults:3)
  2 deep troll shamans
  3 thrashing horrors (Abyss:1)
  A sun demon (Lair:8)
  2 orc high priests (Elf:1)
  Sonja (Lair:2)
  3 fire crabs
  4 wretched stars (Abyss:1)
  2 shadow wraiths
  2 wizards
  9 deep elf knights
  10 skeletal warriors
  A death drake (shapeshifter) (Vaults:5)
  15 deep trolls
  2 unseen horrors
  3 giant orange brains
  A gelid demonspawn (Depths:1)
  An iron troll (D:14)
  5 deep elf summoners
  13 orc knights
  11 swamp dragons
  8 hill giants
  A golden dragon skeleton (Abyss:1)
  2 phantasmal warriors (Vaults:5)
  14 ironbrand convokers
  20 deep elf conjurers
  34 wolf spiders
  7 shining eyes
  23 ugly things
  3 orc sorcerers
  2 mana vipers (shapeshifter)
  14 hornets
  22 orb spiders
  2 harpies
  3 griffons
  An octopode (shapeshifter) (Vaults:4)
  A moth of wrath (Spider:4)
  A water nymph (shapeshifter) (Vaults:1)
  A centaur zombie (D:14)
  A cyclops (shapeshifter) (Vaults:5)
  2 worldbinders (Abyss:1)
  4 elephants (Lair:8)
  7 cyclopes
  11 large abominations
  14 vault sentinels
  A black mamba (Lair:3)
  2 ice statues (IceCv)
  A guardian serpent (shapeshifter) (Vaults:1)
  7 centaur skeletons
  A torpor snail (Spider:2)
  3 eyes of devastation
  A gargoyle (D:14)
  21 spiny frogs
  3 kobold demonologists
  6 orange demons
  3 smoke demons
  A yaktaur (shapeshifter) (D:15)
  2 fire drakes
  2 spriggan druids
  55 yaktaurs
  17 demonic crawlers
  9 trolls
  A red devil (Lair:8)
  9 komodo dragons
  2 ancient zymes (Abyss:1)
  11 deep elf priests
  3 hellwings
  17 jumping spiders
  A troll (shapeshifter) (Vaults:4)
  A tengu conjurer (D:13)
  The ghost of bollicks1999 the Covered, an amateur MiFi (D:3)
  2 blink frogs (shapeshifter)
  A polar bear (shapeshifter) (D:14)
  40 two-headed ogres
  8 freezing wraiths
  5 giant leeches
  Grinder (D:6)
  Prince Ribbit (D:6)
  5 blue devils
  5 polar bears
  8 bog bodies
  25 blink frogs
  116 slime creatures
  6 raiju (Abyss:1)
  A fire giant simulacrum (Vaults:1)
  6 boulder beetles
  6 shadows
  23 tarantellas
  61 yaks
  37 redbacks
  2 wyverns
  A spriggan (shapeshifter) (Vaults:5)
  3 ynoxinuls (Abyss:1)
  A basilisk (Lair:6)
  A redback (shapeshifter) (D:14)
  11 spriggans
  3 steam dragons
  A black mamba skeleton (Abyss:1)
  22 deep elf magi
  3 swamp worm simulacra (Swamp:4)
  6 wraiths
  A neqoxec (Abyss:1)
  19 trapdoor spiders
  5 fire elementals (Elf:1)
  31 vampire mosquitoes
  5 hippogriffs
  19 deep elf fighters
  6 golden eyes (Slime:2)
  2 golden eyes (shapeshifter)
  5 wargs
  2 mottled dragons
  5 hungry ghosts
  17 wolves
  A chaos spawn (Depths:1)
  22 swamp worms
  13 water moccasins
  2 hell hounds (Elf:1)
  11 porcupines
  10 soldier ants (D:9)
  Duvessa (D:6)
  7 swamp drakes
  41 orc warriors
  A spider (shapeshifter) (Vaults:5)
  13 wasps
  13 hydra simulacra (Swamp:4)
  3 black bears
  21 starcursed masses (Abyss:1)
  4 phantoms
  10 eyes of draining
  4 boggarts (Vaults:2)
  11 small abominations
  18 spiders
  4 sky beasts
  12 crocodiles
  21 ice beasts
  84 ogres
  12 centaurs
  A brain worm (D:9)
  2 big kobolds
  10 giant frogs
  2 wyvern zombies
  Dowan (D:6)
  A scorpion (Lair:5)
  9 killer bees
  3 wights
  5 crimson imps
  4 quasits
  8 electric eels
  A gnoll shaman (D:6)
  A giant frog skeleton (D:13)
  2 iron imps
  44 jellies
  Crazy Yiuf (D:6)
  25 orc priests
  38 orc wizards
  An iguana (shapeshifter) (Vaults:5)
  35 worker ants
  Terence (D:2)
  3 hounds
  8 iguanas
  An elf simulacrum (Vaults:3)
  35 sheep
  A hound zombie (D:6)
  A hound skeleton (D:6)
  A worker ant zombie (D:5)
  Robin (D:2)
  9 gnolls
  17 adders
  40 river rats
  3 white imps
  8 shadow imps
  5 oozes
  3 adder zombies
  5 swamp drake simulacra (Swamp:4)
  5 adder skeletons
  3 worms
  4 giant geckos
  192 orcs
  A ball python (D:3)
  7 bats
  20 goblins
  6 hobgoblins
  8 jackals
  5 quokkas
  6 giant cockroaches
  A giant gecko skeleton (D:9)
  A giant gecko zombie (D:8)
  10 giant newts
  A jackal skeleton (D:5)
  14 kobolds
  A quokka skeleton (D:9)
  13 rats
  A briar patch (Swamp:3)
  A butterfly (Lair:5)
  5 crawling corpses
  3 fungi
  2 starspawn tentacles (Abyss:1)
2348 creatures vanquished.

Vanquished Creatures (collateral kills)
  A centaur skeleton (D:14)
  A two-headed ogre (D:14)
  2 hounds (D:14)
  An iguana (D:14)
  A worker ant (D:14)
6 creatures vanquished.

Vanquished Creatures (others)
  A vault guard (Vaults:5)
  An orc knight (Elf:1)
  A vault sentinel (Vaults:2)
  A redback (Vaults:2)
  A swamp worm (Swamp:2)
  A vampire mosquito (Swamp:2)
  An orc warrior (Vaults:2)
  2 boggarts (Vaults:2)
  A jelly (Slime:3)
  2 river rats
  An orc (Orc:4)
  A kobold (D:12)
  4 briar patches
  14 fungi
  6 plants
  8 starspawn tentacles (Abyss:1)
  7 starspawn tentacle segments (Abyss:1)
53 creatures vanquished.

Grand Total: 2407 creatures vanquished

Notes
Turn   | Place    | Note
--------------------------------------------------------------
     0 | D:1      | bollicks1999 the Minotaur Fighter began the quest for the Orb.
     0 | D:1      | Reached XP level 1. HP: 19/19 MP: 0/0
   177 | D:1      | Reached XP level 2. HP: 20/27 MP: 1/1
   346 | D:1      | Reached skill level 4 in Fighting
   822 | D:2      | Noticed Robin
   824 | D:2      | Reached XP level 3. HP: 33/33 MP: 2/2
   856 | D:2      | Killed Robin
  1138 | D:2      | Noticed Terence
  1148 | D:2      | Killed Terence
  1148 | D:2      | Reached skill level 1 in Dodging
  1148 | D:2      | Reached XP level 4. HP: 39/41 MP: 3/3
  1702 | D:2      | Found a shattered altar of Ashenzari.
  1706 | D:2      | Saw a vision of the Swamp and the Spider Nest.
  1706 | D:2      | Noticed a scorpion
  1706 | D:2      | Noticed a redback
  1706 | D:2      | Noticed a redback
  1706 | D:2      | Noticed a scorpion
  1706 | D:2      | Noticed an alligator
  1706 | D:2      | Noticed a water moccasin
  1706 | D:2      | Noticed a giant frog
  1706 | D:2      | Noticed a trapdoor spider
  1711 | D:2      | Noticed a spider
  1711 | D:2      | Noticed a swamp drake
  1858 | D:2      | Gained mutation: Your muscles are strong. (Str +2) [potion of beneficial mutation]
  2080 | D:3      | Reached XP level 5. HP: 47/47 MP: 4/4
  2260 | D:3      | Noticed bollicks1999's ghost (amateur MiFi)
  2284 | D:3      | Killed bollicks1999's ghost
  2284 | D:3      | Reached skill level 5 in Fighting
  2284 | D:3      | Reached skill level 5 in Armour
  2284 | D:3      | Reached skill level 5 in Shields
  2284 | D:3      | Reached XP level 6. HP: 23/56 MP: 5/5
  2974 | D:3      | Gained mutation: You are partially covered in large bone plates (AC +2, SH +2). [potion of mutation]
  2974 | D:3      | Gained mutation: Your spells are a little harder to cast, but a little more powerful. [potion of mutation]
  3061 | D:4      | Reached XP level 7. HP: 54/61 MP: 6/6
  3216 | D:4      | Reached skill level 1 in Stealth
  3276 | D:4      | Found a bloodstained altar of Trog.
  3339 | D:4      | Reached skill level 6 in Shields
  3467 | D:4      | Reached skill level 5 in Maces & Flails
  3488 | D:4      | Found Retoiq's Magic Scroll Emporium.
  3616 | D:5      | Entered Level 5 of the Dungeon
  4098 | D:5      | Reached XP level 8. HP: 64/69 MP: 7/7
  4140 | D:5      | Lost mutation: Your spells are a little harder to cast, but a little more powerful. [mutagenic meat]
  4141 | D:5      | Lost mutation: Your muscles are strong. (Str +2) [mutagenic meat]
  4142 | D:5      | Gained mutation: Your magical capacity is low (-10% MP). [mutagenic meat]
  4143 | D:5      | Gained mutation: You possess an exceptional clarity of mind. [mutagenic meat]
  4144 | D:5      | Gained mutation: Your spells are a little harder to cast, but a little more powerful. [mutagenic meat]
  4239 | D:5      | Noticed a centaur warrior
  4250 | D:5      | Killed a centaur warrior
  4250 | D:5      | Reached skill level 7 in Armour
  4250 | D:5      | Reached skill level 5 in Dodging
  4632 | D:6      | Noticed Prince Ribbit
  4671 | D:6      | Got a pitted leather armour
  4728 | D:6      | Reached XP level 9. HP: 58/78 MP: 7/7
  4845 | D:6      | Noticed Crazy Yiuf
  4845 | D:6      | Noticed Duvessa
  4846 | D:6      | Noticed Dowan
  4863 | D:6      | Killed Duvessa
  4868 | D:6      | Killed Crazy Yiuf
  4889 | D:6      | Killed Dowan
  4909 | D:6      | Identified the cursed +1 leather armour of Twilight {rF++ rN+ MR+ Int-2} (You found it on level 6 of the Dungeon)
  4945 | D:6      | Noticed Grinder
  4949 | D:6      | Paralysed by Grinder for 7 turns
  4971 | D:6      | Killed Grinder
  4971 | D:6      | Reached skill level 8 in Shields
  5400 | D:6      | Killed Prince Ribbit
  5642 | D:7      | Reached skill level 9 in Shields
  5710 | D:7      | Found a staircase to the Ecumenical Temple.
  5766 | Temple   | Entered the Ecumenical Temple
  5829 | Temple   | Became a worshipper of Warmaster Okawaru
  6032 | D:7      | Found Pafrapn's Serpentskin Sales.
  6236 | D:8      | Found Cuifi's Assorted Antiques.
  6247 | D:8      | Got a spiked scale mail
  6258 | D:8      | Identified the +7 scale mail of the Hurricane {rElec Dex+7} (You found it on level 8 of the Dungeon)
  6479 | D:8      | Reached XP level 10. HP: 86/86 MP: 8/8
  6804 | D:9      | Reached * piety under Okawaru
  6848 | D:9      | Noticed a queen ant
  6864 | D:9      | Reached skill level 10 in Shields
  6901 | D:9      | Reached ** piety under Okawaru
  7007 | D:9      | Found a staircase to the Lair.
  7114 | D:9      | Found a glowing silver altar of Zin.
  7400 | D:9      | Reached *** piety under Okawaru
  7470 | D:8      | Killed a queen ant
  7470 | D:8      | Reached skill level 11 in Shields
  7844 | D:9      | Reached **** piety under Okawaru
  7844 | D:9      | Reached XP level 11. HP: 94/94 MP: 8/8
  7891 | D:10     | Entered Level 10 of the Dungeon
  7948 | D:10     | Reached skill level 10 in Maces & Flails
  8336 | D:10     | Noticed a hill giant
  8343 | D:10     | Killed a hill giant
  8495 | D:11     | Found Vauvagish's General Store.
  8575 | D:11     | Got a faintly glowing ruby amulet
  8585 | D:11     | Found Koiffub's Armour Shoppe.
  8587 | D:11     | Found a staircase to the Orcish Mines.
  8828 | D:11     | Noticed a hill giant
  8840 | D:11     | Killed a hill giant
  8928 | D:11     | Bought the +2 cloak of Starlight {rElec rC+ EV+4 Stlth--} for 693 gold pieces
  9127 | D:11     | Found a sparkling altar of Nemelex Xobeh.
  9352 | D:11     | Identified the amulet "Laffi Faw" {Ward rElec rN+} (You found it on level 11 of the Dungeon)
  9507 | D:12     | Noticed a seven-headed hydra
  9516 | D:12     | Killed a seven-headed hydra
  9516 | D:12     | Reached ***** piety under Okawaru
  9909 | D:12     | Noticed an ice devil
  9920 | D:12     | Reached skill level 12 in Shields
 10073 | D:12     | Noticed a centaur warrior
 10086 | D:12     | Killed a centaur warrior
 10086 | D:12     | Received a gift from Okawaru
 10132 | Orc:1    | Entered Level 1 of the Orcish Mines
 10132 | Orc:1    | Found Tutiukee's Antique Armour Shop.
 10214 | Orc:1    | Found a frozen archway.
 10219 | IceCv    | Entered an ice cave
 10439 | IceCv    | Noticed an ice dragon
 10440 | IceCv    | Noticed an ice dragon
 10457 | IceCv    | Killed an ice dragon
 10457 | IceCv    | Reached skill level 13 in Shields
 10457 | IceCv    | Reached XP level 12. HP: 66/105 MP: 7/9
 10470 | IceCv    | Killed an ice dragon
 10523 | IceCv    | Got a sparkling brass amulet
 10529 | IceCv    | Got a shimmering brass ring
 10688 | Orc:1    | Identified the amulet "Juteafoj" {Ward rC+ rN+ MR+} (You found it in an ice cave)
 10694 | Orc:1    | Identified the ring of Ysmeoph {SustAt MR+} (You found it in an ice cave)
 10974 | Orc:2    | Reached skill level 10 in Dodging
 11378 | Lair:1   | Entered Level 1 of the Lair of Beasts
 11399 | Lair:1   | Reached ****** piety under Okawaru
 11574 | Lair:1   | Received a gift from Okawaru
 11607 | Lair:1   | Noticed an eight-headed hydra
 11618 | Lair:1   | Killed an eight-headed hydra
 12293 | Lair:2   | Reached skill level 10 in Fighting
 12347 | Lair:2   | Received a gift from Okawaru
 12364 | Lair:2   | Found a snail-covered altar of Cheibriados.
 12446 | Lair:2   | Noticed Sonja
 12468 | Lair:2   | Killed Sonja
 12520 | Lair:2   | Reached skill level 14 in Shields
 12522 | Lair:2   | Noticed Gastronok
 12548 | Lair:2   | Killed Gastronok
 12561 | Lair:2   | Got a pair of crude gloves
 12572 | Lair:2   | Identified the cursed +0 pair of gloves of Death's Door {rPois Str-2 Int+3 Stlth+} (You found it on level 2 of the Lair of Beasts)
 12614 | Lair:2   | Noticed a six-headed hydra
 12629 | Lair:2   | Killed a six-headed hydra
 12659 | Lair:2   | Reached XP level 13. HP: 78/114 MP: 11/11
 12987 | Lair:2   | Noticed a seven-headed hydra
 12999 | Lair:2   | Killed a seven-headed hydra
 13132 | Lair:3   | Received a gift from Okawaru
 13918 | Lair:4   | Found a hole to the Spider Nest.
 14096 | Lair:4   | Noticed Josephine
 14111 | Lair:4   | Reached skill level 15 in Shields
 14125 | Lair:4   | Killed Josephine
 15022 | Lair:5   | Received a gift from Okawaru
 15266 | Lair:5   | Noticed inmateoo's ghost (journeyman HaFi)
 15280 | Lair:5   | Killed inmateoo's ghost
 15620 | Lair:6   | Gained mutation: Your muscles are strong. (Str +2) [potion of beneficial mutation]
 15768 | Lair:6   | Found a staircase to the Swamp.
 16362 | Lair:7   | Reached skill level 16 in Shields
 16581 | Lair:7   | Reached XP level 14. HP: 124/124 MP: 12/12
 17012 | Lair:8   | Entered Level 8 of the Lair of Beasts
 17108 | Lair:8   | Found a viscous altar of Jiyva.
 17108 | Lair:8   | Found a staircase to the Slime Pits.
 17302 | Lair:8   | Received a gift from Okawaru
 17332 | Lair:8   | Found a burning altar of Makhleb.
 17371 | Lair:8   | Reached skill level 1 in Invocations
 17390 | Lair:8   | Found a gateway to Hell.
 17615 | Lair:8   | Received a gift from Okawaru
 17872 | Lair:8   | Reached skill level 15 in Maces & Flails
 18739 | Orc:3    | Noticed Rupert
 18765 | Orc:3    | Killed Rupert
 18765 | Orc:3    | Reached skill level 17 in Shields
 18790 | Orc:3    | Found a staircase to the Elven Halls.
 19107 | Orc:4    | Entered Level 4 of the Orcish Mines
 19135 | Orc:4    | Received a gift from Okawaru
 19198 | Orc:4    | Noticed Charly's ghost (novice DDGl)
 19211 | Orc:4    | Killed Charly's ghost
 19514 | Orc:4    | Reached XP level 15. HP: 116/134 MP: 13/13
 19544 | Orc:4    | Found Erosse Hiff's Assorted Antiques.
 19544 | Orc:4    | Found Jazelao's Gadget Shoppe.
 19571 | Orc:4    | Found Odeane's Gadget Shoppe.
 19571 | Orc:4    | Found Fukh's Antique Weapon Shop.
 19578 | Orc:4    | Bought a scroll labeled PUP ZA WIOTIS for 36 gold pieces
 19762 | Orc:4    | Noticed Juudaz's ghost (journeyman VSMo)
 19783 | Orc:4    | Killed Juudaz's ghost
 20145 | Spider:1 | Entered Level 1 of the Spider Nest
 20442 | Spider:1 | Noticed Roxanne
 20460 | Spider:1 | Killed Roxanne
 20463 | Spider:1 | Received a gift from Okawaru
 20766 | Spider:1 | Reached skill level 18 in Shields
 22269 | Spider:1 | Reached skill level 10 in Armour
 22930 | Spider:3 | Received a gift from Okawaru
 23599 | Swamp:1  | Entered Level 1 of the Swamp
 23632 | Swamp:1  | Noticed a thorn hunter
 23655 | Swamp:1  | Killed a thorn hunter
 23661 | Swamp:1  | Reached XP level 16. HP: 123/144 MP: 14/14
 23846 | Swamp:1  | Reached skill level 19 in Shields
 24295 | Swamp:2  | Received a gift from Okawaru
 25747 | Swamp:3  | Received a gift from Okawaru
 25870 | Swamp:3  | Received a gift from Okawaru
 26406 | Swamp:4  | Entered Level 4 of the Swamp
 26742 | Swamp:4  | Received a gift from Okawaru
 27373 | Swamp:4  | Got a decaying rune of Zot
 27688 | Spider:2 | Reached skill level 20 in Shields
 27688 | Spider:2 | Reached XP level 17. HP: 154/154 MP: 15/15
 27714 | Spider:4 | Entered Level 4 of the Spider Nest
 27869 | Spider:4 | Noticed Arachne
 27876 | Spider:4 | Noticed Donald
 27887 | Spider:4 | Killed Donald
 27901 | Spider:4 | Killed Arachne
 27901 | Spider:4 | Reached skill level 15 in Dodging
 28205 | Spider:4 | Received a gift from Okawaru
 28375 | Spider:4 | Got a gossamer rune of Zot
 28801 | Spider:4 | Received a gift from Okawaru
 28937 | Spider:4 | Reached skill level 21 in Shields
 29876 | D:13     | Found a corrupted altar of Lugonu.
 29968 | D:13     | Got a faintly glowing flail
 29992 | D:13     | Identified the +4 flail of Purpose {speed, *Drain rF+++ Dex+4} (You found it on level 13 of the Dungeon)
 30985 | D:14     | Reached skill level 15 in Fighting
 31085 | D:14     | Found a gate to the Vaults.
 31325 | D:14     | Received a gift from Okawaru
 31354 | D:14     | Reached XP level 18. HP: 163/163 MP: 16/16
 31602 | D:14     | Identified a +0 pair of boots of running (You acquired it on level 14 of the Dungeon)
 31648 | D:15     | Entered Level 15 of the Dungeon
 31971 | D:15     | Found a staircase to the Depths.
 32057 | D:15     | Found a snail-covered altar of Cheibriados.
 32257 | Depths:1 | Entered Level 1 of the Depths
 32257 | Depths:1 | Found Oqy Do Imi's Magic Scroll Shoppe.
 32333 | Depths:1 | Received a gift from Okawaru
 33174 | Depths:1 | Noticed a lich
 33202 | Depths:1 | Cast into the Abyss (an ogre mage)
 33243 | Abyss:1  | Got a dazzling morningstar
 33630 | Abyss:1  | Found a corrupted altar of Lugonu.
 33691 | Abyss:1  | Got a warped jade ring
 33702 | Abyss:1  | Found a corrupted altar of Lugonu.
 33883 | Abyss:1  | Noticed a lich
 33896 | Abyss:1  | Killed a lich
 33925 | Abyss:1  | Lost intelligence.
 33925 | Abyss:1  | Gained mutation: You are dopey. (Int -2) [a neqoxec]
 33926 | Abyss:1  | Gained mutation: You expend magic power (3 MP) to strengthen your wands. [a neqoxec]
 34090 | Abyss:1  | Reached skill level 22 in Shields
 34129 | Depths:1 | Escaped the Abyss
 34251 | Depths:1 | Found a gateway to a ziggurat.
 34468 | Depths:1 | Noticed Dustman's ghost (adept HuFE)
 34493 | Depths:1 | Killed Dustman's ghost
 34538 | Depths:1 | Found a one-way gate leading to the halls of Pandemonium.
 35285 | Lair:7   | Received a gift from Okawaru
 35380 | Lair:8   | Reached XP level 19. HP: 172/172 MP: 17/17
 35422 | Slime:1  | Entered Level 1 of the Pits of Slime
 35458 | Slime:1  | Identified the ring "Icliwogu" {+Inv rF+} (You found it on level 1 of the Abyss)
 35885 | Elf:1    | Entered Level 1 of the Elven Halls
 35939 | Elf:1    | Found a roughly hewn altar of Beogh.
 35955 | Elf:1    | Noticed Azrael
 35991 | Elf:1    | Killed Azrael
 36282 | Elf:1    | Identified the +8 morningstar of Causality {vamp, +Inv Str+2} (You found it on level 1 of the Abyss)
 36906 | Elf:2    | Found a runed gate.
 36906 | Elf:2    | Found a runed gate.
 36907 | Elf:2    | Found a runed gate.
 37635 | Elf:3    | Entered Level 3 of the Elven Halls
 38104 | Elf:3    | Found Haneskon's Book Shoppe.
 38435 | Elf:3    | Received a gift from Okawaru
 38436 | Elf:3    | Got a crude morningstar {god gift}
 38437 | Elf:3    | Identified the +3 morningstar "Cutoixio" {holy, +Fly rN++} (Okawaru gifted it to you on level 3 of the Elven Halls)
 38740 | Elf:3    | Reached skill level 23 in Shields
 38782 | Elf:3    | Got a spiked plate armour
 38823 | Elf:3    | Got a smoking bone ring
 38833 | Elf:3    | Identified the +6 plate armour of Blue Skies {rN+} (You found it on level 3 of the Elven Halls)
 38836 | Elf:3    | Identified the ring of Scepticism {+Fly rPois MR+} (You found it on level 3 of the Elven Halls)
 38959 | Elf:3    | Got an encrusted plate armour
 38989 | Elf:3    | Identified the cursed +0 plate armour "Loap Zig" {rElec rN+ rCorr} (You found it on level 3 of the Elven Halls)
 39569 | Slime:2  | Found a viscous altar of Jiyva.
 39596 | Slime:1  | Reached XP level 20. HP: 175/183 MP: 18/18
 39721 | Slime:1  | Received a gift from Okawaru
 39731 | Slime:1  | Lost mutation: Your muscles are strong. (Str +2) [a shining eye]
 39737 | Slime:1  | Gained mutation: You occasionally shout uncontrollably at your foes. [a shining eye]
 39739 | Slime:1  | Gained mutation: You are weak. (Str -2) [a shining eye]
 39751 | Slime:1  | Gained mutation: You regenerate slowly when monsters are visible. [a shining eye]
 39753 | Slime:1  | Gained mutation: You tend to lose your temper in combat. [a shining eye]
 39755 | Slime:1  | Lost mutation: Your spells are a little harder to cast, but a little more powerful. [a shining eye]
 39757 | Slime:1  | Gained mutation: You are occasionally teleported next to monsters. [a shining eye]
 39761 | Slime:1  | Gained mutation: Scrolls take you a little longer to read. [a shining eye]
 39769 | Slime:1  | Lost mutation: You possess an exceptional clarity of mind. [a shining eye]
 39809 | Slime:1  | Gained mutation: Scrolls take you longer to read. [a shining eye]
 39813 | Slime:1  | Gained mutation: Your spells are a little easier to cast, but a little less powerful. [a shining eye]
 41183 | Vaults:1 | Entered Level 1 of the Vaults
 41230 | Vaults:1 | Found a burning altar of Makhleb.
 41242 | Vaults:1 | Noticed Aizul
 41257 | Vaults:1 | Killed Aizul
 41896 | Vaults:1 | Found Ysaqoaku's Armour Shop.
 42023 | Vaults:1 | Found Ofepp's Gadget Emporium.
 42666 | Vaults:2 | Found Cunuer's Jewellery Shop.
 42837 | Vaults:2 | Received a gift from Okawaru
 42903 | Vaults:2 | Got a distressingly furry chain mail {god gift}
 43035 | Vaults:2 | Reached skill level 24 in Shields
 43152 | Vaults:2 | Found Nurph's Book Emporium.
 43157 | Vaults:2 | Found Plog's Antique Weapon Boutique.
 43468 | Vaults:2 | Reached XP level 21. HP: 193/193 MP: 19/19
 43476 | Vaults:2 | Noticed Sojobo
 43524 | Vaults:2 | Killed Sojobo
 43783 | Vaults:2 | Found Kaammir's Book Emporium.
 43822 | Vaults:2 | Noticed ThermosAquaticus's ghost (adept TrFi)
 43835 | Vaults:2 | Received a gift from Okawaru
 43868 | Vaults:2 | Killed ThermosAquaticus's ghost
 43870 | Vaults:2 | Found Naj Uciun's Armour Shop.
 44191 | Vaults:2 | Identified the +5 chain mail of the Armoured One {rCorr Slay+3} (Okawaru gifted it to you on level 2 of the Vaults)
 44682 | Vaults:3 | Noticed Mennas
 44827 | Vaults:3 | Killed Mennas
 44827 | Vaults:3 | Reached skill level 1 in Evocations
 45195 | Vaults:3 | Received a gift from Okawaru
 45209 | Vaults:3 | Got a brightly glowing morningstar {god gift}
 45404 | Vaults:3 | Found a burning altar of Makhleb.
 45733 | Vaults:3 | Found a staircase to the Crypt.
 45955 | Vaults:3 | Identified the +12 morningstar "Lyp Nodi" {vamp, rElec MP-9 Str+6} (Okawaru gifted it to you on level 3 of the Vaults)
 46100 | Vaults:4 | Received a gift from Okawaru
 46186 | Vaults:4 | Found Xufasavu's Armour Emporium.
 46192 | Vaults:4 | Reached skill level 25 in Shields
 46214 | Vaults:4 | Paralysed by a sphinx for 6 turns
 46814 | Vaults:4 | Reached XP level 22. HP: 204/204 MP: 11/20
 47269 | Vaults:5 | Entered Level 5 of the Vaults
 47282 | Vaults:5 | Received a gift from Okawaru
 47410 | Vaults:5 | Got a jewelled flail {flame}
 47508 | Vaults:5 | Got a shimmering tin ring
 47627 | Vaults:5 | Received a gift from Okawaru
 47853 | Vaults:5 | Got a dazzling scale mail
 47870 | Vaults:5 | Got a pair of fine gloves
 48037 | Vaults:5 | Got a silver rune of Zot
 48141 | Vaults:5 | Identified the +1 pair of gloves of Vis Teci {rF- Str+2 Int+5} (You found it on level 5 of the Vaults)
 48151 | Vaults:5 | Identified the +5 scale mail of the Mutiny {rPois Regen+ Int-5} (You took it off a vault guard on level 5 of the Vaults)
 48163 | Vaults:5 | Got a twisted broad axe
 48166 | Vaults:5 | Identified the +6 broad axe of Appimnal {flame, Stlth+} (You found it on level 5 of the Vaults)
 48168 | Vaults:5 | Identified the +10 flail "Heynk" {flame, *Rage *Corrode MP+9 Stlth+} (You took it off a deep elf conjurer on level 5 of the Vaults)
 48170 | Vaults:5 | Identified the ring of Liuqouxu {Wiz +Blink} (You took it off a yaktaur captain on level 5 of the Vaults)
 48237 | Vaults:5 | Received a gift from Okawaru
 48239 | Vaults:5 | Reached skill level 26 in Shields
 48301 | Vaults:5 | Reached XP level 23. HP: 213/213 MP: 12/21
 48302 | Vaults:5 | Got a scintillating bronze ring
 48337 | Vaults:5 | Found Hiopauc's Antique Armour Shop.
 49855 | Slime:3  | Received a gift from Okawaru
 49865 | Slime:3  | Got a pair of distressingly furry gloves {god gift}
 49876 | Slime:3  | Identified the +0 pair of gloves of Tulips {Dex+3} (Okawaru gifted it to you on level 3 of the Pits of Slime)
 50896 | Slime:4  | Gained mutation: Your magical capacity is very low (-20% MP). [a shining eye]
 50897 | Slime:4  | Gained mutation: You do not regenerate naturally when monsters are visible. [a shining eye]
 50898 | Slime:4  | Gained mutation: Scrolls take you much longer to read. [a shining eye]
 51531 | Slime:5  | Gained mutation: You are frail (-10% HP). [a shining eye]
 51538 | Slime:5  | Gained mutation: Your body sometimes deteriorates upon taking damage. [a shining eye]
 51788 | Slime:6  | Entered Level 6 of the Pits of Slime
 51851 | Slime:6  | Noticed the royal jelly
 52163 | Slime:6  | Found a viscous altar of Jiyva.
 52170 | Slime:6  | Gained mutation: Your magical capacity is extremely low (-30% MP). [a shining eye]
 52172 | Slime:6  | Gained mutation: You sometimes yell uncontrollably at your foes. [a shining eye]
 52338 | Slime:6  | Received a gift from Okawaru
 52742 | Slime:5  | HP: 8/191 [death ooze[the royal jelly] (5)]
 52742 | Slime:5  | HP: 2/191 [acid[the royal jelly] (6)]
 52743 | Slime:5  | Slain by an azure jelly

Action                   |  1- 3 |  4- 6 |  7- 9 | 10-12 | 13-15 | 16-18 | 19-21 | 22-24 || total
-------------------------+-------+-------+-------+-------+-------+-------+-------+-------++-------
Melee: Flail             |    85 |   139 |   430 |   424 |       |  1111 |       |       ||  2189
       Morningstar       |       |       |       |   459 |  1551 |   987 |  2243 |  1020 ||  6260
Invok: Heroism           |       |       |       |     2 |     8 |     8 |    10 |     5 ||    33
       Finesse           |       |       |       |       |       |       |       |     1 ||     1
Evoke: Wand              |       |       |       |     1 |       |     2 |    14 |     3 ||    20
  Use: Scroll            |     3 |     5 |    15 |    14 |    20 |    10 |    24 |    11 ||   102
       Potion            |     3 |     2 |     3 |     3 |     7 |    12 |     1 |     4 ||    35
 Stab: Invisible         |       |       |     7 |       |     1 |       |       |       ||     8
       Confused          |       |       |       |       |       |     2 |       |       ||     2
       Distracted        |       |       |       |       |       |     2 |       |       ||     2
  Eat: Chunk             |     1 |     6 |    16 |    12 |    34 |    36 |    36 |    13 ||   154
       Meat ration       |       |       |     1 |     1 |       |     1 |     2 |     2 ||     7
       Fruit             |       |       |       |     2 |       |       |       |       ||     2
       Pizza             |       |       |       |       |     2 |     1 |     5 |     1 ||     9
